 Dungeon Crawl Stone Soup version 0.25-a0-425-g0e000e855e (webtiles) character file.

Game seed: 11775391548089404618, levelgen mode: deterministic

4029 Gargoyl the Agent of Entropy (level 10, -3/83 HPs)
             Began as a Centaur Abyssal Knight on Jan 23, 2020.
             Was a Priest of Lugonu.
             Slain by a two-headed ogre
             ... wielding a +0 giant spiked club
              (10 damage)
             ... on level 8 of the Dungeon on Jan 24, 2020.
             The game lasted 00:11:02 (9775 turns).

Gargoyl the Agent of Entropy (CeAK)                 Turns: 9775, Time: 00:11:03

Health: -3/83      AC: 18    Str: 17    XL:     10   Next: 4%
Magic:  15/15      EV:  5    Int: 11    God:    Lugonu [***...]
Gold:   496        SH:  0    Dex: 10    Spells: 9/9 levels left

rFire    . . .     SeeInvis .   f - +1 whip (elec)
rCold    . . .     Gourm    .   (no shield)
rNeg     . . .     Faith    .   d - +0 plate armour
rPois    .         Spirit   .   q - +2 helmet
rElec    .         Reflect  .   j - +0 cloak
rCorr    .         Harm     .   u - +1 pair of gloves
MR       .....     Clarity  +   (no barding)
Stlth    ..........             e - amulet of rage
HPRegen  0.23/turn              (no ring)
MPRegen  0.14/turn              (no ring)

@: very quick
A: large, hooves 3, clarity, deformed body, speed 2, mutation resistance 1,
tough skin 3
a: Depart the Abyss, Bend Space, Banish, Renounce Religion, Evoke Berserk Rage


You were on level 8 of the Dungeon.
You worshipped Lugonu.
Lugonu was most pleased with you.
You were not hungry.

You visited 1 branch of the dungeon, and saw 8 of its levels.
You visited the Abyss 1 time.

You collected 496 gold pieces.

Inventory:

Hand Weapons
 a - a +1 hand axe
 f - a +1 whip of electrocution (weapon)
Armour
 d - a +0 plate armour (worn)
 j - a +0 cloak (worn)
 q - a +2 helmet (worn)
 u - a +1 pair of gloves (worn)
Jewellery
 e - an amulet of rage (around neck)
Wands
 i - a wand of flame (32)
 l - a wand of clouds (3)
 o - a wand of enslavement (10)
 p - a wand of paralysis (12)
 s - a wand of polymorph (7)
Scrolls
 g - 5 scrolls of remove curse
 k - 2 scrolls of identify
 w - 2 scrolls of teleportation
Potions
 b - a potion of flight
 h - a potion of haste
 m - a potion of lignification
 r - a potion of curing
 v - 2 potions of magic {unknown}
 x - a potion of brilliance
Comestibles
 c - 11 rations


   Skills:
 + Level 5.8 Fighting
 + Level 4.1(5.4) Axes
 + Level 5.5(6.1) Maces & Flails
 + Level 4.0 Throwing
 * Level 6.8 Armour
 * Level 5.0 Dodging
 * Level 7.4 Invocations
 + Level 3.1 Evocations


You had 9 spell levels left.
You didn't know any spells.
Your spell library contained the following spells:

 Spells                   Type           Power        Failure   Level  Hunger
 Foxfire                  Conj/Fire      #...         100%        1    ##.....
 Magic Dart               Conj           #...         100%        1    ##.....
 Blink                    Tloc           N/A          100%        2    ###....
 Call Imp                 Summ           #.......     100%        2    ###....
 Slow                     Hex            #.......     100%        2    ###....
 Conjure Flame            Conj/Fire      #.......     100%        3    ####...
 Inner Flame              Hex/Fire       #.......     100%        3    ####...
 Mephitic Cloud           Conj/Pois/Air  #.......     100%        3    ####...
 Sticky Flame             Conj/Fire      #.......     100%        4    #####..
 Fireball                 Conj/Fire      #.........   100%        5    ######.


Dungeon Overview and Level Annotations

Branches:
Dungeon (8/15)             Temple (0/1) D:6
   Lair: D:8-11

Altars:
Ashenzari
Kikubaaqudgha
Okawaru
Ru
Trog
Xom

Annotations:
D:4 endorz's ghost, amateur GrFi


Innate Abilities, Weirdness & Mutations

You have hooves in place of feet.
Armour fits poorly on your strangely shaped body.
You cover ground very quickly.
You have extremely tough skin. (AC +3)
You possess an exceptional clarity of mind.
You are somewhat resistant to further mutation.


Message History

You start resting.
HP restored.
You climb downwards.
There is a stone staircase leading up here.
The two-headed ogre hits you with a +0 giant spiked club!!
The two-headed ogre hits you but does no damage.
Your plate armour prevents you from hitting the two-headed ogre.
You kick the two-headed ogre.
The two-headed ogre is lightly wounded.
You hit the two-headed ogre.
The two-headed ogre is lightly wounded.
The two-headed ogre hits you with a +0 giant spiked club!!
The two-headed ogre hits you with a +0 giant spiked club!
* * * LOW HITPOINT WARNING * * *
You hit the two-headed ogre.
The two-headed ogre is moderately wounded.
The two-headed ogre hits you with a +0 giant spiked club!
* * * LOW HITPOINT WARNING * * *
The two-headed ogre hits you with a +0 giant spiked club!
You die...

####...##
#....#..#
#.#.###.##
#....°○°.#
###.☼#..°##
#......#..#
#.#.####..##
#...O......#
#.#..@.#.#.#
#.#.<....#
########.#
.. ... .. .


You could see a two-headed ogre.

Vanquished Creatures
  2 ugly things (D:8)
  2 trolls
  An orc warrior (D:4)
  4 ogres
  A sky beast (D:6)
  A centaur (D:6)
  4 bullfrogs
  A wyvern skeleton (D:8)
  6 killer bees (D:4)
  A scorpion (D:6)
  3 wights (D:7)
  A centaur zombie (D:8)
  5 crimson imps
  2 orc priests
  A bullfrog zombie (D:7)
  A hound (D:6)
  A jelly (D:8)
  5 orc wizards
  2 quasits (D:4)
  An iguana (D:7)
  3 worker ants
  A worker ant zombie (D:5)
  Robin (D:3)
  7 adders
  2 worms
  8 leopard geckos
  20 orcs
  7 bats
  2 bat zombies (D:4)
  4 giant cockroaches
  17 goblins
  12 hobgoblins
  3 jackals (D:3)
  7 quokkas
  2 ball pythons
  5 frilled lizards
  A giant cockroach zombie (D:5)
  A jackal skeleton (D:4)
  7 kobolds
  A quokka skeleton (D:6)
  A quokka zombie (D:5)
  20 rats
  A rat zombie (D:4)
  A fungus (D:4)
179 creatures vanquished.

Vanquished Creatures (others)
  An efreet (D:7)
  4 toadstools (D:4)
5 creatures vanquished.

Grand Total: 184 creatures vanquished

Notes
Turn   | Place    | Note
-------+----------+-------------------------------------------
     0 | Abyss:1  | Gargoyl the Centaur Abyssal Knight began the quest for the
                  | Orb.
     0 | Abyss:1  | Reached XP level 1. HP: 19/19 MP: 2/2
    49 | Abyss:2  | Noticed a small abomination
    72 | Abyss:2  | Noticed a raiju
    73 | D:1      | Escaped the Abyss
   548 | D:1      | Reached * piety under Lugonu
   548 | D:1      | Reached XP level 2. HP: 26/26 MP: 3/3
   916 | D:1      | Reached skill level 1 in Dodging
   994 | D:1      | Reached XP level 3. HP: 31/31 MP: 4/4
  1339 | D:2      | Reached skill level 1 in Maces & Flails
  1459 | D:2      | Found a shimmering altar of Xom.
  2143 | D:2      | Reached XP level 4. HP: 38/38 MP: 5/5
  2517 | D:3      | Noticed Robin
  2543 | D:3      | Killed Robin
  2548 | D:3      | Reached ** piety under Lugonu
  2629 | D:3      | Reached XP level 5. HP: 44/45 MP: 7/7
  3366 | D:3      | Found a shattered altar of Ashenzari.
  3574 | D:4      | Gained mutation: You possess an exceptional clarity of
                  | mind. [potion of mutation]
  3574 | D:4      | Gained mutation: You are somewhat resistant to further
                  | mutation. [potion of mutation]
  3657 | D:4      | Found an iron altar of Okawaru.
  3851 | D:4      | Reached XP level 6. HP: 37/51 MP: 8/8
  3964 | D:4      | Reached skill level 3 in Invocations
  4111 | D:4      | Reached *** piety under Lugonu
  4116 | D:4      | Found an ancient bone altar of Kikubaaqudgha.
  4136 | D:4      | Found a transporter.
  4136 | D:4      | Noticed endorz's ghost (amateur GrFi)
  4143 | D:4      | Found a transporter.
  4200 | D:4      | Noticed an orc warrior
  4576 | D:4      | Killed an orc warrior
  4932 | D:4      | Reached skill level 5 in Fighting
  4932 | D:4      | Reached skill level 5 in Armour
  4932 | D:4      | Reached skill level 6 in Invocations
  4932 | D:4      | Reached XP level 7. HP: 57/61 MP: 8/11
  4938 | D:4      | Reached XP level 8. HP: 59/68 MP: 8/12
  5078 | D:4      | Found a sacrificial altar of Ru.
  5595 | D:5      | Entered Level 5 of the Dungeon
  5659 | D:5      | Noticed a troll
  5676 | D:5      | Killed a troll
  6143 | D:5      | Upgraded the game from 0.25-a0-424-g80bd347ae0 to
                  | 0.25-a0-425-g0e000e855e
  7104 | D:6      | Found a staircase to the Ecumenical Temple.
  7377 | D:6      | Reached XP level 9. HP: 49/74 MP: 14/14
  8272 | D:7      | Noticed a moth of wrath
  8275 | D:7      | Found a bloodstained altar of Trog.
  9128 | D:8      | Noticed a troll
  9140 | D:8      | Killed a troll
  9140 | D:8      | Reached skill level 7 in Invocations
  9140 | D:8      | Noticed a cyan ugly thing
  9142 | D:8      | Noticed a brown ugly thing
  9146 | D:8      | Killed a cyan ugly thing
  9146 | D:8      | Reached **** piety under Lugonu
  9146 | D:8      | Reached skill level 5 in Maces & Flails
  9150 | D:8      | Killed a brown ugly thing
  9297 | D:8      | Noticed a two-headed ogre
  9300 | D:8      | Noticed a manticore
  9311 | D:8      | Noticed an efreet
  9479 | D:7      | Banished an efreet
  9479 | D:7      | Reached skill level 5 in Dodging
  9479 | D:7      | Reached XP level 10. HP: 20/83 MP: 15/15
  9775 | D:8      | Slain by a two-headed ogre

Levels and vault maps discovered:
D:1:      lemuel_arrival_room, layout_basic
D:2:      layout_basic, xom_butterflies, first_ration,
          chequers_serial_rivers_micro_c, minmay_fountain_box
D:3:      layout_basic, lemuel_round_altar, uniq_robin
D:4:      layout_layer_cave, overflow_temple_1_default, kennysheep_mini,
          lemuel_zombie_altar_kikubaaqudgha, gammafunk_ghost_stat_death,
          minmay_gold_behind_fungi
D:5:      layout_gridville
D:6:      layout_basic, minmay_temple_entry_butterflies, serial_glass,
          glass_columns_c, glass_columns_a, glass_columns_a, glass_columns_a,
          glass_columns_b, glass_columns_c
D:7:      layout_layer_cave, tgw_trog, grunt_decor_one_mirror,
          minmay_misc_feat_enclosed
D:8:      minmay_the_grid_four_pointed_star [minmay_the_grid_triangle_9x9_alien,
          minmay_the_grid_triangle_9x9_from_above,
          minmay_the_grid_triangle_9x9_skeleton,
          minmay_the_grid_triangle_9x9_fully_insulated_deathbox,
          minmay_the_grid_prize_big_room], layout_basic, lemuel_doored_altar

Skill      XL: |  1  2  3  4  5  6  7  8  9 |
---------------+----------------------------+-----
Dodging        | 1 4 5 |  5.0
Maces & Flails | 1 3 4 5 |  5.5
Armour         | 2 3 5 6 |  6.8
Invocations    | 6 7 |  7.4
Axes           | 3 4 |  4.1
Fighting       | 5 |  5.8
Throwing       | 3 4 |  4.0
Evocations     | 3 |  3.1

Action                   |  1- 3 |  4- 6 |  7- 9 | 10-12 || total
-------------------------+-------+-------+-------+-------++-------
Melee: Hand axe          |    11 |    26 |       |       ||    37
       Whip              |   104 |   214 |   222 |    10 ||   550
       Kick              |    18 |    58 |    64 |     2 ||   142
Throw: Javelin           |       |     2 |    17 |       ||    19
Invok: Depart the Abyss  |     1 |       |       |       ||     1
       Banish            |       |       |       |     1 ||     1
Evoke: Wand              |       |       |     3 |       ||     3
  Use: Potion            |     2 |     6 |     2 |       ||    10
       Scroll            |     1 |     3 |     6 |       ||    10
 Stab: Distracted        |     1 |       |       |       ||     1
       Invisible         |       |       |     5 |       ||     5
  Eat: Chunk             |     2 |     8 |     7 |       ||    17
       Ration            |       |       |     1 |     1 ||     2
Armor: Plate armour      |    97 |   253 |   110 |     7 ||   467
Dodge: Dodged            |     7 |    40 |    56 |     2 ||   105

Table legend:
 A = Non-vault XP
 B = Vault XP
 C = Vault XP percentage of total XP
 D = Non-vault monster count
 E = Vault monster count
 F = Vault count percentage of total count
                 A         B        C        D         E       F
            +---------+---------+-------+---------+---------+-------
      Total |    2923 |    2146 |  42.3 |     145 |      34 |  19.0
            +---------+---------+-------+---------+---------+-------
        D:1 |      44 |       0 |   0.0 |      28 |       0 |   0.0
        D:2 |      83 |       0 |   0.0 |      21 |       0 |   0.0
        D:3 |     175 |      39 |  18.2 |      23 |      13 |  36.1
        D:4 |     681 |      93 |  12.0 |      26 |       5 |  16.1
        D:5 |     632 |       0 |   0.0 |      11 |       0 |   0.0
        D:6 |     674 |       0 |   0.0 |      15 |       0 |   0.0
        D:7 |     493 |     382 |  43.7 |      19 |       7 |  26.9
        D:8 |     141 |    1632 |  92.0 |       2 |       9 |  81.8
            +---------+---------+-------+---------+---------+-------
